 Dungeon Crawl Stone Soup version 0.15.0-18-g9076a4f (webtiles) character file.

705 Johnny the Covered (level 7, -2/52 HPs)
             Began as a Formicid Hunter on Sept 7, 2014.
             Succumbed to a gnoll's poison
             ... on Level 4 of the Dungeon.
             The game lasted 00:12:14 (4805 turns).

Johnny the Covered (Formicid Hunter)                Turns: 4805, Time: 00:12:14

HP  -2/52        AC 14     Str 17      XL: 7   Next: 99%
MP   9/9         EV  5     Int 10      God:
Gold 88          SH  0     Dex 13      Spells:  0 memorised,  6 levels left

rFire  . . .     SeeInvis +     i - +0 falchion (elec)
rCold  . . .     Clarity  .     o - +0 plate armour
rNeg   . . .     rCorr    .     (no shield)
rPois  .         rRot     .     (helmet unavailable)
rElec  .         Spirit   .     s - +0 cloak
SustAb .         Warding  .     (no gloves)
rMut   .         Stasis   +     j - +0 pair of boots
Gourm  .                        (no amulet)
MR     .....                    (no ring)
                                q - ring of see invisible

@: lethally poisoned, not resistant to hostile enchantments, extremely
unstealthy
A: permanent stasis, dig shafts and tunnels, four strong arms, antennae 3
a: Dig, Shaft Self


You were on level 4 of the Dungeon.
You were not hungry.

You visited 1 branch of the dungeon, and saw 4 of its levels.

You collected 88 gold pieces.

Inventory:

Hand weapons
 b - a +1 shortbow
 i - a +0 falchion of electrocution (weapon)
Missiles
 c - 6 arrows
 y - 27 bolts
Armour
 d - a +0 leather armour
 j - a +0 pair of boots (worn)
 l - a +0 cloak
 o - a +0 plate armour (worn)
 s - a +0 cloak (worn)
Magical devices
 r - a wand of digging (0)
 z - a wand of teleportation (2)
Comestibles
 f - 2 bread rations
 g - 2 meat rations
 A - a slice of pizza
Scrolls
 e - a scroll of immolation
 k - a scroll of teleportation
 n - 2 scrolls of remove curse
 p - 2 scrolls of fog
 t - 2 scrolls of enchant armour {unknown}
 v - a scroll of random uselessness {unknown}
 w - 3 scrolls of identify
Jewellery
 q - a ring of see invisible (left hand)
Potions
 m - a potion of cancellation {unknown}
 u - a potion of beneficial mutation {unknown}
 x - 2 potions of might {unknown}


   Skills:
 * Level 3.2 Fighting
   Level 0.2(1.3) Short Blades
 * Level 2.2 Long Blades
 * Level 4.9 Bows
 * Level 5.0 Armour
 * Level 3.1 Dodging
 - Level 1.4 Stealth


You had 6 spell levels left.
You didn't know any spells.

Dungeon Overview and Level Annotations

Branches:
Dungeon (4/15)
 Temple: D:4-7

Altars:
Makhleb
Sif Muna
Vehumet

Annotations:
D:3 Johnny's ghost, average FoFi


Innate Abilities, Weirdness & Mutations

Your are under a permanent stasis effect.
You can dig through walls and to a lower floor.
Your four strong arms can wield two-handed weapons with a shield.
You have a pair of large antennae on your head (SInv).


Message History

You are more poisoned.
You hit the gnoll.
The gnoll is severely wounded.
* * * LOW HITPOINT WARNING * * *
You feel very sick. The gnoll hits you but does no damage.
You are more poisoned.
You hit the gnoll.
The gnoll is severely wounded.
* * * LOW HITPOINT WARNING * * *
You feel very sick. The gnoll hits you but does no damage.
You are more poisoned.
Drink which item? (? for menu, Esc to quit)
Okay, then.
You hit the gnoll but do no damage.
There is a sudden explosion of sparks!
You kill the gnoll!
* * * LOW HITPOINT WARNING * * *
You feel very sick.
You die...

. { ##'###
##################......
.....).).......).#.......
################%#........
{ #.....#@#.......#
#.###.#.#..g....#
#)###.#)#g......##
#)##{...#..w.....#
#.##.............#
#..#....#........
#.##...########## .
#.#####.#.._..#
...#.......###∩#.#


There were no monsters in sight!

Vanquished Creatures
  Grinder (D:3)
  Sigmund (D:4)
  2 hounds (D:4)
  An orc priest (D:3)
  An orc wizard (D:3)
  A worker ant (D:3)
  Natasha (thrice) (D:3)
  Jessica (D:3)
  6 gnolls (D:4)
  6 adders
  A shadow imp (D:3)
  3 worms
  An ooze (D:1)
  10 orcs
  6 bats
  2 giant cockroaches
  5 hobgoblins
  6 jackals
  2 quokkas (D:3)
  A ball python (D:2)
  A giant gecko (D:3)
  A giant newt (D:3)
  8 goblins
  9 kobolds
  8 rats
87 creatures vanquished.

Notes
Turn   | Place    | Note
--------------------------------------------------------------
     0 | D:1      | Johnny, the Formicid Hunter, began the quest for the Orb.
     0 | D:1      | Reached XP level 1. HP: 15/15 MP: 1/1
   388 | D:1      | Reached XP level 2. HP: 21/21 MP: 3/3
   907 | D:2      | Reached XP level 3. HP: 17/26 MP: 4/4
  1138 | D:2      | Reached skill level 4 in Bows
  1247 | D:2      | Reached XP level 4. HP: 12/32 MP: 5/5
  1501 | D:2      | Reached skill level 1 in Armour
  1753 | D:2      | Found a deep blue altar of Sif Muna.
  1759 | D:2      | Found a radiant altar of Vehumet.
  1805 | D:3      | Noticed Grinder
  2475 | D:3      | Noticed Jessica
  3029 | D:3      | Killed Grinder
  3029 | D:3      | Reached skill level 1 in Long Blades
  3029 | D:3      | Reached XP level 5. HP: 25/38 MP: 7/7
  3029 | D:3      | Reached XP level 6. HP: 28/44 MP: 8/8
  3166 | D:3      | Killed Jessica
  3235 | D:3      | Reached XP level 7. HP: 50/50 MP: 9/9
  3278 | D:3      | Noticed Natasha
  3287 | D:3      | Killed Natasha
  3579 | D:3      | Noticed Natasha
  3585 | D:3      | Killed Natasha
  3823 | D:3      | Noticed Natasha
  3832 | D:3      | Killed Natasha
  4095 | D:3      | Noticed Johnny's ghost (average FoFi)
  4104 | D:3      | You fall through a shaft!
  4428 | D:4      | Found a burning altar of Makhleb.
  4640 | D:4      | Noticed Sigmund
  4668 | D:4      | Killed Sigmund
  4762 | D:4      | Reached skill level 5 in Armour
  4804 | D:4      | HP: 2/52 [poisoned by a gnoll]
  4805 | D:4      | Succumbed to a gnoll's poison

Action                   |  1- 3 |  4- 6 |  7- 9 || total
-------------------------+-------+-------+-------++-------
Melee: Short sword       |    34 |    93 |       ||   127
       Falchion          |       |    41 |   182 ||   223
 Fire: Shortbow          |    58 |    23 |       ||    81
 Abil: Shaft Self        |       |       |     1 ||     1
Evoke: Wand              |       |       |     1 ||     1
  Use: Scroll            |       |     6 |     2 ||     8
       Potion            |       |     3 |       ||     3
  Eat: Chunk             |     1 |       |       ||     1
       Bread ration      |       |     1 |       ||     1
       Beef jerky        |       |     1 |       ||     1
       Meat ration       |       |       |     1 ||     1
       Pizza             |       |       |     1 ||     1
